AoeStats
← Master.L

Glade

510537972Analyzed
1v1 RM · 14h ago on Oct 1, 2026· 22m 43s· 2 players
Game mode
Random Map
Map size
Tiny (2 player)
Population
200
Speed
Normal
Resources
Standard
Victory
Conquest
Starting age
Dark Age
Ending age
Imperial Age
RankedLock teamsTeams togetherTeam positionsShared explorationLock speedFull tech treeHidden civsTurbo modeCheats
Victory
Defeat
🇨🇳 Mongols · China
991
+16
🇲🇽 Bohemians · Mexico
982
-16
gabrielyamiltego
10:44 Feudal Age
13:34 Double-Bit Axe
15:15 Loom
23:59 Castle Age
22:19 Fletching
Master.L
10:46 Feudal Age
10:50 Man-at-Arms
11:17 Arson
12:19 Loom
19:09 Castle Age
18:36 Gold Mining
20:00 Double-Bit Axe
20:19 Fletching
20:33 Padded Archer Armor
21:22 Bow Saw
21:28 Bodkin Arrow
Connection lost

Rejoining the realm…

Still unreachable

The connection could not be restored.

Session expired

The server has moved on; the page needs a fresh start.